 Dungeon Crawl Stone Soup version 0.25-a0-942-g87a53962fc (webtiles) character file.

Game seed: 10794968483061451132, levelgen mode: deterministic

3110 Flugslaktarn the Cleaver (level 9, -12/81 HPs)
             Began as a Minotaur Fighter on May 7, 2020.
             Was an Initiate of Gozag.
             Mangled by a death yak (21 damage)
             ... on level 8 of the Dungeon.
             The game lasted 00:04:30 (7466 turns).

Flugslaktarn the Cleaver (Minotaur Fighter)         Turns: 7466, Time: 00:04:30

Health: -12/81     AC: 15    Str: 22    XL:     9   Next: 60%
Magic:  8/8        EV:  7    Int:  5    God:    Gozag
Gold:   403        SH: 11    Dex: 18    Spells: 8/8 levels left

rFire    . . .     SeeInvis .   a - +0 war axe
rCold    + . .     Gourm    .   g - +0 kite shield
rNeg     . . .     Faith    .   o - +0 plate armour
rPois    .         Spirit   .   (helmet restricted)
rElec    .         Reflect  .   (no cloak)
rCorr    .         Harm     .   m - +0 pair of gloves
MR       .....                  (no boots)
Stlth    ..........             (no amulet)
HPRegen  0.23/turn              j - +6 ring of dexterity
MPRegen  0.11/turn              c - ring of protection from cold

@: mighty, stab, very slightly contaminated, invisible (expiring)
A: retaliatory headbutt, horns 2
a: Potion Petition, Call Merchant, Bribe Branch, Renounce Religion


You were on level 8 of the Dungeon.
You worshipped Gozag.
Gozag was aware of your devotion.
You were not hungry.

You visited 2 branches of the dungeon, and saw 9 of its levels.

You collected 521 gold pieces.
You paid 118 gold pieces to Gozag.

Inventory:

Hand Weapons
 a - a +0 war axe (weapon)
Armour
 g - a +0 kite shield (worn)
 m - a +0 pair of gloves (worn)
   (You found it on level 6 of the Dungeon)
 o - a +0 plate armour (worn)
   (You took it off an orc warrior on level 7 of the Dungeon)
Jewellery
 c - a ring of protection from cold (right hand)
   (You found it on level 3 of the Dungeon)
 j - a +6 ring of dexterity (left hand)
   (You found it on level 5 of the Dungeon)
Wands
 v - a wand of digging (6)
   (You found it on level 5 of the Dungeon)
Scrolls
 i - 2 scrolls of enchant armour
 t - 2 scrolls of teleportation
 x - a scroll of remove curse
 z - 2 scrolls of blinking
Potions
 b - a potion of brilliance
 d - a potion of might
 f - a potion of stabbing
 k - 3 potions of flight
 n - a potion of invisibility
 p - a potion of magic
 q - 2 potions of curing
 s - a potion of degeneration {unknown}
Comestibles
 e - 13 rations


   Skills:
 + Level 8.1 Fighting
 * Level 10.4 Axes
 + Level 8.1 Armour
 + Level 4.3 Dodging
 - Level 6.2 Shields


You had 8 spell levels left.
You didn't know any spells.
Your spell library was empty.

Dungeon Overview and Level Annotations

Branches:
Dungeon (8/15)             Temple (1/1) D:7            Lair (0/6) D:8

Altars:
Ashenzari
Cheibriados
Dithmenos
Elyvilon
Fedhas
Gozag
Hepliaklqana
Kikubaaqudgha
Makhleb
Nemelex Xobeh
Qazlal
Ru
Sif Muna
Trog
Uskayaw
Vehumet
Wu Jian
Xom
Yredelemnul
Zin
The Shining One

Annotations:
D:3 2 transporters, p0werm0de's ghost, amateur DDFi


Innate Abilities, Weirdness & Mutations

You reflexively headbutt those who attack you in melee.
You have a pair of horns on your head.


Message History

You hit the death yak.
The yak bellows!
You headbutt the death yak, but do no damage.
The death yak is heavily wounded.
You flicker for a moment.
The death yak closely misses you.
The helpless death yak fails to defend itself.
You hit the death yak.
The death yak is heavily wounded.
The death yak gores you!!
* * * LOW HITPOINT WARNING * * *
You are too injured to fight recklessly!
You are too injured to fight recklessly!
You are too injured to fight recklessly!
The helpless death yak fails to defend itself.
You slash the death yak! You headbutt the death yak!
The death yak is almost dead.
You hit the shadow imp. The death yak gores you!!
You die...
Your body crumbles into a pile of gold.

#.# #.#######...((.#
.. ##.#
#.#........#.#.# .
#..#
#.#.###......#.$...
#.##
###...###...Y.####.##
##.# #....###...5###
... #..#
#...#(####.##.# ..
#.##
.<..###)###..#..# ..
#.# .## #))#5YYY..##
. ..# #..@Y##.### .
### #..###......#
#........####
........... #
###.#.####### ##
#...# .## ##### ..#
..#


You could see 2 death yaks, 2 yaks and a shadow imp.

Vanquished Creatures
  A death yak (D:8)
  Prince Ribbit (D:5)
  3 sky beasts
  An orc warrior (D:7)
  A phantom (D:4)
  A centaur (D:8)
  A crocodile (D:7)
  A wyvern zombie (D:6)
  5 bullfrogs
  A scorpion (D:6)
  8 wights
  2 howler monkeys (D:7)
  A centaur zombie (D:6)
  2 jellies
  An orc priest (D:6)
  A centaur skeleton (D:8)
  7 orc wizards
  3 bullfrog skeletons
  Terence (D:3)
  3 worker ants
  An iguana (D:4)
  A hound skeleton (D:8)
  13 adders
  2 oozes
  An adder skeleton (D:6)
  A worm (D:2)
  3 dart slugs
  6 leopard geckos
  22 orcs
  4 ball pythons
  7 bats
  6 giant cockroaches
  10 goblins
  8 hobgoblins
  16 jackals
  8 kobolds
  8 quokkas
  6 frilled lizards
  A leopard gecko skeleton (D:4)
  13 rats
182 creatures vanquished.

Notes
Turn   | Place    | Note
-------+----------+-------------------------------------------
     0 | D:1      | Flugslaktarn the Minotaur Fighter began the quest for the
                  | Orb.
     0 | D:1      | Reached XP level 1. HP: 19/19 MP: 0/0
    71 | D:1      | Reached XP level 2. HP: 27/27 MP: 1/1
   175 | D:1      | Reached skill level 3 in Axes
   393 | D:1      | Reached XP level 3. HP: 33/33 MP: 2/2
   651 | D:2      | Found a bloodstained altar of Trog.
   652 | D:2      | Found a white marble altar of Elyvilon.
  1437 | D:2      | Reached XP level 4. HP: 40/40 MP: 3/3
  1502 | D:3      | Reached skill level 4 in Axes
  1555 | D:3      | Found a transporter.
  1611 | D:3      | Noticed Terence
  1619 | D:3      | Killed Terence
  1631 | D:3      | Reached XP level 5. HP: 42/47 MP: 4/4
  1757 | D:3      | Found a transporter.
  2056 | D:3      | Noticed p0werm0de's ghost (amateur DDFi)
  2453 | D:4      | Reached skill level 5 in Axes
  2458 | D:4      | Reached XP level 6. HP: 24/55 MP: 5/5
  2747 | D:4      | Reached skill level 5 in Armour
  2756 | D:4      | Reached skill level 5 in Fighting
  2756 | D:4      | Reached skill level 5 in Shields
  3148 | D:4      | Reached skill level 6 in Axes
  3363 | D:4      | Found a radiant altar of Vehumet.
  3374 | D:4      | Reached XP level 7. HP: 61/61 MP: 6/6
  3748 | D:5      | Entered Level 5 of the Dungeon
  3748 | D:5      | Noticed Prince Ribbit
  4517 | D:5      | Killed Prince Ribbit
  4751 | D:6      | Found a shattered altar of Ashenzari.
  4810 | D:6      | Reached skill level 7 in Axes
  4859 | D:6      | Reached XP level 8. HP: 39/70 MP: 7/7
  4868 | D:6      | HP: 2/70 [something (6)]
  5269 | D:6      | Reached skill level 1 in Dodging
  5270 | D:6      | Reached skill level 8 in Axes
  5495 | D:6      | Found a shimmering blue altar of Sif Muna.
  5729 | D:7      | HP: 1/71 [orc warrior/+0 halberd (15)]
  5737 | D:7      | HP: 1/71 [something/magic dart (5)]
  5740 | D:6      | Found a hazy altar of Hepliaklqana.
  5740 | D:6      | Found a blossoming altar of Fedhas.
  5740 | D:6      | Found a glowing golden altar of the Shining One.
  6429 | D:7      | Reached skill level 9 in Axes
  6513 | D:7      | Found a staircase to the Ecumenical Temple.
  6724 | Temple   | Entered the Ecumenical Temple
  6777 | Temple   | Became a worshipper of Gozag Ym Sagoz the Greedy
  6974 | D:7      | Found a sacrificial altar of Ru.
  7061 | D:7      | Reached XP level 9. HP: 78/79 MP: 8/8
  7416 | D:8      | Noticed a death yak
  7426 | D:8      | Found a staircase to the Lair.
  7426 | D:8      | Noticed a death yak
  7426 | D:8      | Noticed a death yak
  7458 | D:8      | Killed a death yak
  7458 | D:8      | Reached skill level 10 in Axes
  7466 | D:8      | Mangled by a death yak

Levels and vault maps discovered:
D:1:      dpeg_arrival_arbitrary_c, layout_rooms, minmay_misc_feat_rows,
          minmay_rat_gold_closets
D:2:      layout_basic, elyvilon_altar_5, lemuel_crystal_altar,
          minmay_goblin_kobold_house
D:3:      layout_rooms, first_ration, gammafunk_ghost_stat_death, uniq_terence
D:4:      layout_basic, vehumet_crystals
D:5:      layout_rooms, solitary_fountain, uniq_prince_ribbit1
D:6:      layout_basic, nicolae_overflow_hidden_temple, dk_rats_in_the_wall
D:7:      layout_basic, lemuel_coloured_pillars_altar,
          minmay_temple_entry_antechambers
D:8:      layout_rooms, kennysheep_mini, dpeg_lair_monsters,
          nicolae_underground_beach
Temple:   minmay_temple_bridge_abc

Skill      XL: |  1  2  3  4  5  6  7  8  9 |
---------------+----------------------------+-----
Axes           | 3 4 5 6 7 9 10 | 10.4
Armour         | 4 5 6 7 8 |  8.1
Shields        | 4 5 6 |  6.2
Fighting       | 4 5 6 7 8 |  8.1
Dodging        | 3 4 |  4.3

Action                   |  1- 3 |  4- 6 |  7- 9 || total
-------------------------+-------+-------+-------++-------
Melee: War axe           |    99 |   142 |   256 ||   497
       Headbutt          |    12 |    25 |    66 ||   103
Invok: Potion Petition   |       |       |     1 ||     1
  Use: Scroll            |     2 |       |    14 ||    16
       Potion            |       |       |     5 ||     5
 Stab: Sleeping          |       |       |     8 ||     8
  Eat: Chunk             |     1 |     7 |     4 ||    12
       Ration            |       |       |     3 ||     3
Armor: Scale mail        |    45 |    68 |    68 ||   181
       Plate armour      |       |       |    27 ||    27
Dodge: Dodged            |    32 |    47 |    72 ||   151
Block: Kite shield       |    48 |    73 |   133 ||   254

Table legend:
 A = Non-vault XP
 B = Vault XP
 C = Vault XP percentage of total XP
 D = Non-vault monster count
 E = Vault monster count
 F = Vault count percentage of total count
                 A         B        C        D         E       F
            +---------+---------+-------+---------+---------+-------
      Total |    3192 |    1251 |  28.2 |     167 |      15 |   8.2
            +---------+---------+-------+---------+---------+-------
        D:1 |      41 |       9 |  18.0 |      21 |       9 |  30.0
        D:2 |      53 |       6 |  10.2 |      16 |       3 |  15.8
        D:3 |     119 |      36 |  23.2 |      29 |       1 |   3.3
        D:4 |     493 |       0 |   0.0 |      32 |       0 |   0.0
        D:5 |      46 |     277 |  85.8 |       6 |       1 |  14.3
        D:6 |     744 |       0 |   0.0 |      25 |       0 |   0.0
        D:7 |    1017 |       0 |   0.0 |      23 |       0 |   0.0
        D:8 |     679 |     923 |  57.6 |      15 |       1 |   6.2
            +---------+---------+-------+---------+---------+-------
